AoeStats
← eerkykdi

Socotra

506677761Analyzed
2v2 RM · 19d ago on Sep 14, 2026· 34m 36s· 4 players
Game mode
Random Map
Map size
Tiny (2 player)
Population
200
Speed
Normal
Resources
Standard
Victory
Conquest
Starting age
Dark Age
Ending age
Imperial Age
RankedLock teamsTeams togetherTeam positionsShared explorationLock speedFull tech treeHidden civsTurbo modeCheats
Victory
Defeat
🇨🇳 Huns · China
734
+21
🇨🇳 Huns · China
734
+21
🇩🇪 Cumans · Germany
647
-12
🇩🇪 Vikings · Germany
601
-11
FrankSteel9190
18:30 Feudal Age
18:31 Man-at-Arms
22:44 Horse Collar
35:41 Castle Age
33:37 Arson
eerkykdi
4:04 Loom
13:47 Feudal Age
15:11 Double-Bit Axe
15:20 Gold Mining
26:25 Horse Collar
30:33 Castle Age
31:16 Pikeman
summit
10:40 Loom
12:59 Feudal Age
16:25 Gold Mining
16:25 Double-Bit Axe
22:52 Scale Barding Armor
29:23 Padded Archer Armor
29:24 Fletching
余生的小孟
1:35 Loom
6:29 Loom
10:08 Feudal Age
16:37 Scale Barding Armor
16:42 Forging
26:37 Castle Age
25:47 Bloodlines
26:26 Fletching
28:39 Husbandry
34:02 Thumb Ring
Connection lost

Rejoining the realm…

Still unreachable

The connection could not be restored.

Session expired

The server has moved on; the page needs a fresh start.